 Dungeon Crawl Stone Soup version 0.20-a0-993-gba41c3c (webtiles) character file.

263 Alarkh the Insei (level 5, 0/41 HPs)
             Began as a Demonspawn Transmuter on Apr 11, 2017.
             Slain by a sky beast (4 damage)
             ... on level 4 of the Dungeon.
             The game lasted 00:05:32 (4867 turns).

Alarkh the Insei (Demonspawn Transmuter)            Turns: 4867, Time: 00:05:32

Health: 0/41       AC:  3    Str: 10    XL:     5   Next: 98%
Magic:  6/8        EV: 12    Int: 16    God:
Gold:   174        SH:  0    Dex: 16    Spells: 2/8 levels left

rFire    . . .     SeeInvis .     - Unarmed
rCold    . . .     Gourm    .   (no shield)
rNeg     . . .     Faith    .   b - +0 robe
rPois    .         Spirit   .   (no helmet)
rElec    .         Reflect  .   l - +0 cloak
rCorr    .         Harm     .   (no gloves)
MR       .....     Clarity  +   (no boots)
Stlth    ++........             (no amulet)
Regen    0.2/turn               y - +3 ring of dexterity
MPRegen  0.2/turn               r - ring of stealth

@: no status effects
A: clarity, deterioration 1, powered by death 1, sturdy frame 1
a: no special abilities


You were on level 4 of the Dungeon.
You were not hungry.

You visited 1 branch of the dungeon, and saw 4 of its levels.

You collected 174 gold pieces.

Inventory:

Missiles
 a - 50 arrows
Armour
 b - a +0 robe (worn)
 l - a +0 cloak (worn)
Jewellery
 r - a ring of stealth (right hand)
 y - a +3 ring of dexterity (left hand)
Scrolls
 e - a scroll of identify
 g - a scroll of enchant armour {unknown}
 h - a scroll of fear
 j - 3 scrolls of remove curse
 n - 2 scrolls of blinking {unknown}
 u - a scroll of amnesia {unknown}
 z - a scroll of teleportation {unknown}
Potions
 f - a potion of agility
 i - a potion of mutation
 k - 2 potions of flight
 m - a potion of heal wounds
 q - a potion of cancellation {unknown}
 t - a potion of berserk rage {unknown}
 v - a potion of resistance {unknown}
 w - a potion of degeneration {unknown}
Books
 c - a book of Changes

   Spells                             Type                      Level
   a - Beastly Appendage              Transmutation                1
   b - Sticks to Snakes               Transmutation                2
   c - Spider Form                    Transmutation/Poison         3
   d - Ice Form                       Ice/Transmutation            4
   e - Blade Hands                    Transmutation                5
 A - a book of Conjurations

   Spells                             Type                      Level
   a - Magic Dart                     Conjuration                  1
   b - Searing Ray                    Conjuration                  2
   c - Dazzling Spray                 Conjuration/Hexes            3
   d - Fulminant Prism                Conjuration/Hexes            4
   e - Force Lance                    Conjuration/Translocation    4
   f - Iskenderun's Mystic Blast      Conjuration                  4
Comestibles
 d - 4 bread rations
 p - a royal jelly
 s - a fruit
 x - 2 chunks of flesh


   Skills:
 + Level 3.5 Fighting
 - Level 1.7 Dodging
 * Level 5.1 Unarmed Combat
 - Level 2.0 Spellcasting
 - Level 1.7 Transmutations


You had 2 spell levels left.
You knew the following spells:

 Your Spells              Type           Power        Failure   Level  Hunger
a - Spider Form           Tmut/Pois      #.........   52%         3    ###....
b - Sticks to Snakes      Tmut           #.......     17%         2    ###....
c - Beastly Appendage     Tmut           #.....       12%         1    #......


Dungeon Overview and Level Annotations

Branches:
Dungeon (4/15)
 Temple: D:4-7

Altars:
Makhleb
Ru


Innate Abilities, Weirdness & Mutations

You regenerate a little health from kills.
Your movements are slightly less encumbered by armour. (ER -2)
You possess an exceptional clarity of mind.
Your body sometimes deteriorates upon taking damage.


Message History

The sky beast hits you.
* * * LOW HITPOINT WARNING * * *
The sky beast shocks you.
* * * LOW HITPOINT WARNING * * *
The sky beast flickers out of sight!
Deactivating autopickup; reactivate with Ctrl-A.
A sky beast appears from thin air!
Reactivating autopickup.
You hear the rusting of a distant drain.
Your transformation has ended.
Your +0 cloak unmelds from your body.
Your +0 robe unmelds from your body.
You hit the sky beast but do no damage.
The sky beast is severely wounded.
The sky beast hits you but does no damage.
You hit the sky beast.
The sky beast is almost dead.
The sky beast flickers out of sight!
Deactivating autopickup; reactivate with Ctrl-A.
Something hits you.
You die...

#.. #...........#
?####..##...........#
....................#
#.##....##ยง........?# #.
#....##{.......?.#
#.##....##..........#
###..#....####........#
.........{# #........#
.####...#.@# #........#
...........####........#
..#####..#..#.............
......<..#..#.##........##
..#####..#....#.........#
#....#.#..#.#######.#
#.##.#.#..#.##### .#
#)#..#.#..........
#.#....#..........


There were no monsters in sight!

Vanquished Creatures
  The ghost of DEFE the Ducker, an amateur DEAK of Lugonu (D:3)
  4 gnolls
  6 adders
  A worm (D:4)
  3 dart slugs (D:1)
  A leopard gecko (D:3)
  5 orcs (D:3)
  9 bats
  3 giant cockroaches
  11 goblins
  14 hobgoblins
  3 jackals (D:3)
  A quokka (D:4)
  A ball python (D:3)
  3 frilled lizards
  9 kobolds
  9 rats
84 creatures vanquished.

Notes
Turn   | Place    | Note
-------+----------+-------------------------------------------
     0 | D:1      | Alarkh the Demonspawn Transmuter began the quest for the Orb.
     0 | D:1      | Reached XP level 1. HP: 15/15 MP: 3/3
   322 | D:1      | Reached skill level 3 in Unarmed Combat
   359 | D:1      | Gained mutation: You regenerate a little health from kills. [demonic ancestry]
   359 | D:1      | Reached XP level 2. HP: 18/21 MP: 3/5
  1020 | D:1      | Reached XP level 3. HP: 9/27 MP: 4/6
  2222 | D:2      | Gained mutation: Your movements are slightly less encumbered by armour. (ER -2) [demonic ancestry]
  2222 | D:2      | Reached XP level 4. HP: 15/34 MP: 4/7
  2876 | D:3      | Gained mutation: Your body sometimes deteriorates upon taking damage. [potion of mutation]
  2876 | D:3      | Gained mutation: You possess an exceptional clarity of mind. [potion of mutation]
  2884 | D:3      | Reached skill level 4 in Unarmed Combat
  3127 | D:2      | Learned a level 3 spell: Spider Form
  3130 | D:2      | Learned a level 2 spell: Sticks to Snakes
  3568 | D:2      | Reached XP level 5. HP: 23/41 MP: 6/8
  3892 | D:3      | Noticed DEFE's ghost (amateur DEAK)
  4305 | D:3      | Found a burning altar of Makhleb.
  4305 | D:3      | Noticed a blizzard demon
  4317 | D:3      | Noticed a ynoxinul
  4317 | D:3      | Noticed an orange demon
  4430 | D:3      | Killed DEFE's ghost
  4430 | D:3      | Reached skill level 5 in Unarmed Combat
  4611 | D:3      | Found a sacrificial altar of Ru.
  4810 | D:4      | Noticed a sky beast
  4855 | D:4      | HP: 2/41 [sky beast (5)]
  4867 | D:4      | Slain by a sky beast

Vault maps used:
D:1:      nicolae_arrival_washed_ashore
D:2:      hex_intersection
D:3:      nicolae_ru_the_path_less_chosen, makhleb_altar_promises_db
D:4:      first_bread, portal_sewer_entry_d, lightli_minifort, uniq_edmund

Skill      XL: |  1  2  3  4  5 |
---------------+----------------+-----
Unarmed Combat | 3 4 5 |  5.1
Fighting       | 2 3 |  3.5
Dodging        | |  1.7
Spellcasting   | |  2.0
Transmutations | |  1.7

Action                   |  1- 3 |  4- 6 || total
-------------------------+-------+-------++-------
Melee: Unarmed           |   179 |   203 ||   382
       Kick              |    11 |     3 ||    14
       Headbutt          |     5 |     2 ||     7
       Punch             |       |     4 ||     4
 Cast: Beastly Appendage |    19 |    12 ||    31
       Spider Form       |       |     8 ||     8
  Use: Potion            |     1 |     4 ||     5
       Scroll            |       |     3 ||     3
 Stab: Sleeping          |     2 |     1 ||     3
  Eat: Chunk             |     4 |    11 ||    15
Armor: Robe              |    36 |    43 ||    79
       Skin              |       |     3 ||     3
Dodge: Dodged            |   104 |   163 ||   267
